 Dungeon Crawl Stone Soup version 0.30-a0-782-ge64f9170bb (webtiles) character file.

Game seed: 13312597811685711441

186451 BRD the Bludgeoner (level 17, -12/149 HPs)
             Began as a Demonspawn Gladiator on Feb 18, 2023.
             Was a High Priest of Okawaru.
             Killed from afar by an ironbound thunderhulk (52 damage)
             ... with a bolt of lightning
             ... on level 1 of the Vaults.
             The game lasted 01:20:33 (30925 turns).

BRD the Bludgeoner (Demonspawn Gladiator)          Turns: 30925, Time: 01:20:34

Health: -12/149    AC: 37    Str: 21    XL:     17   Next: 43%
Magic:  26/27      EV: 17    Int: 16    God:    Okawaru [*****.]
Gold:   698        SH:  4    Dex: 24    Spells: 16/16 levels left

rFire   + + +      SeeInvis .    R - +6 great mace (heavy)
rCold   + + .      Faith    .    (shield currently unavailable)
rNeg    + . .      Spirit   .    M - +4 ice dragon scales of Dawn {Rampage rF- rC++ Regen+ Int+3}
rPois   +          Reflect  .    P - +3 hat of Pondering {ponderous, Will+ MP+10 Int+5}
rElec   .          Harm     .    l - +2 cloak {Will+}
rCorr   +          Rampage  +    (gloves unavailable)
Will    ++...      Rage     3%   J - +0 pair of boots
Stlth   ++                       n - amulet "Lebb" {Acrobat Rampage rF+++ Int-3 Dex+3}
HPRegen 1.24/turn                Q - ring of poison resistance
MPRegen 0.20/turn                W - ring of Harmony {rF+ rN+ Will- rCorr Dex+6}

@: heroic, studying 2 skills, slow
A: yellow scales 3, icemail 1, spiny 2, condensation shield, demonic touch 3,
berserk 1, screaming 1
}: 1/15 runes: serpentine
a: Renounce Religion, Heroism, Finesse, Duel


You were on level 1 of the Vaults.
You worshipped Okawaru.
Okawaru was extremely pleased with you.
You visited 6 branches of the dungeon, and saw 27 of its levels.
You visited the Abyss 1 time.
You visited 1 bazaar.
You also visited: Gauntlet and Wizlab.

You collected 2856 gold pieces.
You spent 2158 gold pieces at shops.

Inventory:

Hand Weapons
 A - a +3 eveningstar
 E - the +11 Singing Sword {sonic wave}
   (You found it on level 14 of the Dungeon)
 R - a +6 heavy great mace (weapon)
Missiles
 e - 7 javelins (quivered)
 g - 8 silver javelins
 v - a throwing net
 G - 7 curare-tipped darts
 K - 3 atropa-tipped darts
Armour
 l - a +2 cloak of willpower (worn)
 J - a +0 pair of boots (worn)
 M - the +4 ice dragon scales of Dawn (worn) {Rampage rF- rC++ Regen+ Int+3}
   (Okawaru gifted it to you on level 1 of the Lair of Beasts)

   Int:       It affects your intelligence (+3).
   rF:        It makes you vulnerable to fire.
   rC:        It greatly protects you from cold.
   Regen:     It increases your rate of health regeneration.
   Rampage:   It bestows one free step when moving towards enemies.
 P - the +3 hat of Pondering (worn) {ponderous, Will+ MP+10 Int+5}
   (You took it off Gastronok on level 3 of the Lair of Beasts)

   Int:       It affects your intelligence (+5).
   MP:        It affects your magic capacity (+10).
   Will:      It increases your willpower.
 U - the +9 plate armour "Wyh Odon" {rN+}
   (Okawaru gifted it to you on level 5 of the Lair of Beasts)

   rN:        It protects you from negative energy.
Jewellery
 i - a ring of flight
 n - the amulet "Lebb" (around neck) {Acrobat Rampage rF+++ Int-3 Dex+3}
   (You bought it in a shop on level 3 of the Snake Pit)

   [amulet of the acrobat]

   It increases your evasion while moving and waiting.
   Int:       It affects your intelligence (-3).
   Dex:       It affects your dexterity (+3).
   rF:        It renders you almost immune to fire.
   Rampage:   It bestows one free step when moving towards enemies.
 B - a ring of see invisible
 Q - a ring of poison resistance (left hand)
 W - the ring of Harmony (right hand) {rF+ rN+ Will- rCorr Dex+6}
   (You acquired it on level 2 of the Snake Pit)

   [ring of dexterity]

   Dex:       It affects your dexterity (+6).
   rF:        It protects you from fire.
   rN:        It protects you from negative energy.
   rCorr:     It protects you from acid and corrosion.
   Will:      It decreases your willpower.
Wands
 z - a wand of digging (20)
 F - a wand of roots (22)
 I - a wand of quicksilver (27)
 T - a wand of mindburst (17)
Scrolls
 b - 7 scrolls of immolation
 d - a scroll of amnesia
 f - 6 scrolls of fog
 h - 7 scrolls of enchant armour
 j - a scroll of silence
 k - 2 scrolls of magic mapping
 m - 6 scrolls of blinking
 s - a scroll of summoning
 t - 10 scrolls of teleportation
 w - 3 scrolls of poison
 O - 2 scrolls of fear
Potions
 a - 3 potions of mutation
 c - 4 potions of lignification
 p - 3 potions of might
 q - 6 potions of haste
 r - 3 potions of invisibility
 x - a potion of curing
 D - 6 potions of flight
 H - 2 potions of cancellation
 S - a potion of magic {unknown}


   Skills:
 + Level 18.1(23.1) Fighting
 - Level 20.0(25.0) Maces & Flails
 - Level 2.0(7.0) Throwing
 + Level 13.7(18.7) Armour
 - Level 5.0(10.0) Dodging
 - Level 2.0 Evocations


You had 16 spell levels left.
You didn't know any spells.
Your spell library contained the following spells:

 Spells                   Type           Power      Damage    Failure   Level
 Sandblast                Erth           0%         2d4       47%         1
 Shock                    Conj/Air       0%         1d3       47%         1
 Sting                    Tmut/Pois      0%         1d3       47%         1
 Lesser Beckoning         Tloc           0%         N/A       63%         2
 Passwall                 Tmut/Erth      0%         N/A       63%         2
 Poisonous Vapours        Pois/Air       0%         N/A       63%         2
 Gell's Gravitas          Tloc           0%         N/A       85%         3
 Inner Flame              Hex/Fire       0%         N/A       85%         3
 Kindle Blastsparks       Fire/Tloc/Air  0%         2d10      85%         3
 Ozocubu's Armour         Ice            0%         N/A       85%         3
 Portal Projectile        Hex/Tloc       0%         N/A       85%         3
 Stone Arrow              Conj/Erth      0%         3d7       85%         3
 Swiftness                Air            0%         N/A       85%         3
 Teleport Other           Tloc           0%         N/A       85%         3
 Vhi's Electric Charge    Tloc/Air       0%         N/A       85%         3
 Airstrike                Air            0%         2d(0-16)  99%         4
 Cause Fear               Hex            0%         N/A       99%         4
 Iskenderun's Mystic Bla  Conj/Tloc      0%         2d3       99%         4
 Manifold Assault         Tloc           0%         N/A       99%         4
 Olgreb's Toxic Radiance  Pois           0%         N/A       99%         4
 Passage of Golubria      Tloc           0%         N/A       99%         4
 Petrify                  Tmut/Erth      0%         N/A       99%         4
 Alistair's Intoxication  Tmut/Pois      0%         N/A       100%        5
 Arcjolt                  Conj/Air       0%         1d10      100%        5
 Blade Hands              Tmut           0%         N/A       100%        5
 Borgnjor's Vile Clutch   Necr/Erth      0%         N/A       100%        5
 Metabolic Englaciation   Hex/Ice        0%         N/A       100%        5
 Dispersal                Tloc           0%         N/A       100%        6
 Eringya's Noxious Bog    Tmut/Pois      0%         N/A       100%        6
 Statue Form              Tmut/Erth      0%         N/A       100%        6
 Orb of Destruction       Conj           0%         9d5       100%        7
 Ozocubu's Refrigeration  Ice            0%         4d7       100%        7
 Discord                  Hex            0%         N/A       100%        8
 Disjunction              Tloc           0%         N/A       100%        8
 Ignition                 Fire           0%         3d3       100%        8
 Maxwell's Capacitive Co  Air            0%         ∞         100%        8
 Call Canine Familiar     Summ           Unusable   N/A       N/A         3
 Summon Guardian Golem    Hex/Summ       Unusable   N/A       N/A         3
 Tukima's Dance           Hex            Unusable   N/A       N/A         3
 Spellforged Servitor     Conj/Summ      Unusable   N/A       N/A         7
 Summon Horrible Things   Summ           Unusable   N/A       N/A         8

Dungeon Overview and Level Annotations

Branches:
Dungeon (14/15)            Temple (1/1) D:4            Lair (5/5) D:9
  Swamp (0/4) Lair:3        Snake (4/4) Lair:2        Slime (0/5) Lair:5
    Orc (2/2) D:9             Elf (0/3) Orc:2        Vaults (1/5) D:13
 WizLab (visited)         Gauntlet (visited)

Altars:
Ashenzari
Cheibriados
Dithmenos
Fedhas
Gozag
Hepliaklqana
Kikubaaqudgha
Makhleb
Nemelex Xobeh
Okawaru
Qazlal
Ru
Sif Muna
Trog
Uskayaw
Vehumet
Wu Jian
Xom
Yredelemnul
Jiyva

Shops:
Orc:2 [(*[   Snake:3 :=??

Portals:
Trove: Vaults:1 (give +7 demon trident)

Annotations:
D:4 1 runed translucent door, Crazy Yiuf
D:12 exclusions: oklob plant and oklob sapling


Innate Abilities, Weirdness & Mutations

You are completely covered in yellow scales. (AC +4, rCorr)
A meltable icy envelope protects you from harm. (AC +4)
You are mostly covered in sharp spines.
A meltable shield of frost defends you. (SH +4)
Your touch may irresistibly damage your foes and sap their willpower.
You sometimes lose your temper in combat.
You occasionally shout uncontrollably at your foes.


Message History

* * * LOW HITPOINT WARNING * * *
The ironbound frostheart freezes you! You resist.
* * * LOW HITPOINT WARNING * * *
The ice encasing you melts away. The lindwurm breathes flames at you.
The blast of flame misses you.
There is an open door here.
You feel better. The slime creature barely misses you.
The lindwurm is struck by your spines. The lindwurm barely misses you.
The lindwurm misses you.
The lindwurm claws you but does no damage.
You gain the combat prowess of a mighty hero.
The ironbound frostheart calls freezing cold from the walls.
The frost grips you. You resist.
* * * LOW HITPOINT WARNING * * *
You are encased in ice.
The slime creature is struck by your spines.
The slime creature closely misses you. The lindwurm closely misses you.
The lindwurm barely misses you. The lindwurm closely misses you.
Electricity crackles from the ironbound thunderhulk's apparatus.
The bolt of lightning misses you.
You hit the slime creature.
The slime creature is moderately wounded.
The slime creature is struck by your spines.
The slime creature hits you but does no damage.
You beat the slime creature like a drum!!!
You kill the slime creature!
Okawaru accepts your kill. The ice encasing you melts away.
You crush the ironbound preserver like a grape!!!
The ironbound preserver is heavily wounded.
Electricity crackles from the ironbound thunderhulk's apparatus.
The bolt of lightning misses you.
The ironbound preserver is struck by your spines.
The ironbound preserver misses you.
You barely miss the ironbound preserver.
The ironbound preserver is heavily wounded.
Electricity crackles from the ironbound thunderhulk's apparatus.
The bolt of lightning hits you!!!
You die...

#..*##.##..#,,#..#..*
#..##.###..###'##'###
#....##*#..'.p#pp#..#
##..##*#..##.O#c[#..*
#...##...####§##'#*#
###.##.####.O#Hp#,.#
#####'#### #pk#.p#..*
.........# ###p##'#**
.........# #..#@.#..*
###.###..# #..#..#..#
#.....#..# #######*##
#.#.#.#).# ...#.....#
#.#.#.#..# #.....*..#
###.###..# .........#


You could see an ironbound preserver, an ironbound thunderhulk, an ironbound
frostheart and a lindwurm.

Vanquished Creatures
  Saint Roka (Orc:2)
  An eldritch tentacle (WizLab)
  Agnes (Snake:4)
  3 tentacled starspawn
  Gastronok (Lair:3)
  4 nagarajas
  A vault warden (Vaults:1)
  An angel (WizLab)
  A very ugly thing (Abyss:2)
  2 ironbound preservers (Vaults:1)
  A black draconian (WizLab)
  A yellow draconian (WizLab)
  A minotaur (Gauntlet)
  Azrael (D:14)
  An entropy weaver (shapeshifter) (Gauntlet)
  Josephine (D:13)
  A great orb of eyes (Vaults:1)
  5 vault guards
  A rakshasa (WizLab)
  7 hydras
  An ironbound frostheart (Vaults:1)
  12 anacondas
  A catoblepas (D:14)
  2 boulder beetles (Vaults:1)
  Erica (Lair:1)
  3 salamander tyrants (Snake:4)
  An alligator (shapeshifter) (Gauntlet)
  3 centaur warriors
  5 two-headed ogres
  The ghost of whodunnit the Carver, a novice MeFi of the Shining One (D:6)
  A vampire mage (Lair:2)
  8 naga warriors
  2 orc high priests (Orc:2)
  6 thrashing horrors
  3 shock serpents
  5 naga sharpshooters
  A hell knight (WizLab)
  A skeletal warrior (D:13)
  8 salamander mystics (Snake:4)
  6 naga ritualists
  2 skysharks
  An obsidian statue (WizLab)
  6 deep trolls (Vaults:1)
  A swamp dragon (Lair:3)
  A wizard (Vaults:1)
  3 harpies (Abyss:2)
  4 ironbound convokers (Vaults:1)
  3 orc knights
  A steelbarb worm (shapeshifter) (Gauntlet)
  13 ugly things
  10 salamanders
  3 orc sorcerers
  3 cyclopes
  13 mana vipers
  A deep elf pyromancer (D:14)
  3 worldbinders (WizLab)
  2 manticores
  18 elephants
  17 slime creatures
  A frost giant skeleton (WizLab)
  A vault sentinel (Vaults:1)
  6 guardian serpents
  An ice statue (Gauntlet)
  28 black mambas
  4 gargoyles
  8 naga magi
  2 smoke demons (Abyss:2)
  10 cane toads
  4 rime drakes
  3 kobold demonologists
  13 komodo dragons
  2 freezing wraiths (D:14)
  An unseen horror (Abyss:2)
  An ancient zyme (WizLab)
  A hellwing (Abyss:2)
  2 meliai (shapeshifter)
  5 polar bears
  5 hornets (Lair:5)
  3 trolls (D:12)
  2 wind drakes (Abyss:2)
  2 raiju (WizLab)
  4 dream sheep (Lair:5)
  12 blink frogs
  Sigmund (D:5)
  14 spriggans (Lair:5)
  A shadow (D:13)
  A human (shapeshifter) (D:13)
  A culicivora (shapeshifter) (D:13)
  10 wraiths
  2 wyverns
  2 ynoxinuls
  Eustachio (D:4)
  A fire bat (Abyss:2)
  A human (Lair:2)
  64 yaks
  A steam dragon (D:9)
  5 basilisks
  A chaos spawn (Abyss:2)
  6 fire elementals (D:14)
  5 vampire mosquitoes
  Menkaure (D:4)
  6 small abominations
  5 spatial vortices
  21 nagas
  A neqoxec (Abyss:2)
  An acid dragon (D:13)
  4 wargs (Orc:2)
  2 hell hounds (D:14)
  16 water moccasins
  A deep troll skeleton (WizLab)
  3 black bears (Lair:5)
  27 orc warriors
  An ice beast (D:7)
  2 sky beasts
  8 centaurs
  51 wolves
  An ogre (D:6)
  5 boggarts
  2 kobold brigands
  15 bullfrogs
  A necrophage (D:4)
  3 gnoll sergeants
  An earth elemental (Abyss:2)
  3 scorpions
  8 wights
  A vampire bat (Abyss:2)
  2 electric eels (Lair:1)
  A jelly (Lair:5)
  7 hounds
  24 orc priests
  4 iguanas
  4 hell rats (Lair:2)
  20 orc wizards
  Robin (D:3)
  13 gnolls
  13 adders
  A shadow imp (D:7)
  2 white imps
  An ufetubus (WizLab)
  3 worms
  4 dart slugs
  96 orcs
  5 endoplasms
  4 giant cockroaches
  11 goblins
  7 hobgoblins
  8 quokkas
  8 ball pythons
  7 bats
  5 frilled lizards
  21 kobolds
  2 rats
  2 butterflies (Abyss:2)
  A starspawn tentacle (Abyss:2)
917 creatures vanquished.

Vanquished Creatures (others)
  A bullfrog (Lair:3)
  20 fungi
  2 lurking horrors
  73 plants
  6 starspawn tentacles
102 creatures vanquished.

Grand Total: 1019 creatures vanquished

Notes
Turn   | Place    | Note
-------+----------+-------------------------------------------
     0 | D:1      | BRD the Demonspawn Gladiator began the quest for the Orb.
     0 | D:1      | Reached XP level 1. HP: 16/16 MP: 1/1
   180 | D:1      | Gained mutation: A meltable shield of frost defends you.
                  | (SH +4) [demonic ancestry]
   180 | D:1      | Reached XP level 2. HP: 22/22 MP: 2/2
   669 | D:2      | Reached skill level 3 in Maces & Flails
  1028 | D:2      | Gained mutation: You are partially covered in sharp spines.
                  | [demonic ancestry]
  1028 | D:2      | Reached XP level 3. HP: 28/28 MP: 3/3
  1689 | D:2      | Found a faded altar of an unknown god.
  2004 | D:3      | Gained mutation: You are partially covered in yellow
                  | scales. (AC +2) [demonic ancestry]
  2004 | D:3      | Reached XP level 4. HP: 34/34 MP: 4/4
  2209 | D:3      | Noticed a scorpion
  2221 | D:3      | Killed a scorpion
  2222 | D:3      | Gained mutation: You are mostly covered in yellow scales.
                  | (AC +3) [demonic ancestry]
  2222 | D:3      | Reached XP level 5. HP: 36/41 MP: 5/5
  2300 | D:3      | Noticed Robin
  2313 | D:3      | Killed Robin
  2314 | D:3      | Reached skill level 4 in Maces & Flails
  2934 | D:4      | Gained mutation: Your touch may inflict minor irresistible
                  | damage on your foes. [demonic ancestry]
  2934 | D:4      | Reached XP level 6. HP: 46/48 MP: 6/6
  3022 | D:4      | Found a staircase to the Ecumenical Temple.
  3031 | Temple   | Entered the Ecumenical Temple
  3192 | Temple   | Became a worshipper of Warmaster Okawaru
  3282 | D:4      | Noticed Menkaure
  3289 | D:4      | Killed Menkaure
  3290 | D:4      | Reached XP level 7. HP: 49/55 MP: 7/7
  3382 | D:4      | Found a runed translucent door.
  3383 | D:4      | Noticed Crazy Yiuf
  3421 | D:4      | Found a sacrificial altar of Ru.
  3421 | D:4      | Found an ancient bone altar of Kikubaaqudgha.
  3421 | D:4      | Found a broken altar of Ashenzari.
  3471 | D:4      | Noticed Eustachio
  3515 | D:4      | Killed Eustachio
  3515 | D:4      | Reached * piety under Okawaru
  3516 | D:4      | Reached skill level 5 in Fighting
  3516 | D:4      | Reached skill level 5 in Maces & Flails
  3516 | D:4      | Reached skill level 5 in Dodging
  3754 | D:5      | Entered Level 5 of the Dungeon
  3857 | D:5      | Noticed Sigmund
  3862 | D:5      | Killed Sigmund
  3881 | D:5      | Found a stormy altar of Qazlal.
  3887 | D:5      | Found a burning altar of Makhleb.
  3912 | D:5      | Gained mutation: A meltable icy envelope protects you from
                  | harm. (AC +4) [demonic ancestry]
  3912 | D:5      | Reached XP level 8. HP: 64/64 MP: 8/8
  3932 | D:5      | Reached skill level 6 in Maces & Flails
  4693 | D:6      | Noticed whodunnit's ghost (novice MeFi)
  4694 | D:6      | Noticed a kobold demonologist
  4695 | D:6      | Found a runed translucent gate.
  4695 | D:6      | Found a runed translucent gate.
  4695 | D:6      | Found a runed translucent gate.
  4714 | D:6      | Reached skill level 1 in Armour
  5121 | D:6      | Reached ** piety under Okawaru
  5708 | D:7      | Reached skill level 1 in Evocations
  5717 | D:7      | Reached skill level 7 in Maces & Flails
  5717 | D:7      | Gained mutation: Your touch may inflict irresistible damage
                  | on your foes. [demonic ancestry]
  5717 | D:7      | Reached XP level 9. HP: 56/72 MP: 9/9
  5741 | D:7      | Reached *** piety under Okawaru
  6552 | D:8      | Noticed a two-headed ogre
  6577 | D:8      | Killed a two-headed ogre
  6577 | D:8      | Reached **** piety under Okawaru
  6578 | D:8      | Reached skill level 8 in Maces & Flails
  6578 | D:8      | Reached skill level 5 in Armour
  7128 | D:9      | Received a gift from Okawaru
  7131 | D:9      | Noticed a komodo dragon
  7142 | D:9      | Killed a komodo dragon
  7143 | D:9      | Reached XP level 10. HP: 80/82 MP: 7/10
  7166 | D:9      | Found a staircase to the Lair.
  7270 | D:9      | Found a staircase to the Orcish Mines.
  7576 | D:9      | Noticed a two-headed ogre
  7586 | D:9      | Killed a two-headed ogre
  7861 | Lair:1   | Entered Level 1 of the Lair of Beasts
  7871 | Lair:1   | Noticed Erica
  7879 | Lair:1   | Killed Erica
  7880 | Lair:1   | Reached skill level 9 in Maces & Flails
  8191 | Lair:1   | Reached ***** piety under Okawaru
  8277 | Lair:1   | Reached skill level 10 in Fighting
  8287 | Lair:1   | Identified the +4 ice dragon scales of Dawn {Rampage rF-
                  | rC++ Regen+ Int+3} (Okawaru gifted it to you on level 1 of
                  | the Lair of Beasts)
  8287 | Lair:1   | Received a gift from Okawaru
  8297 | Lair:1   | Reached XP level 11. HP: 80/90 MP: 11/11
  8335 | Lair:1   | Identified the +9 dagger of Tortfeasance {pain, MP+9}
  8542 | Lair:1   | Reached skill level 10 in Maces & Flails
  9213 | Lair:2   | Found a staircase to the Snake Pit.
 10000 | Lair:2   | Identified the +1 robe "Qase" {Str+2 Dex+7} (Okawaru gifted
                  | it to you on level 2 of the Lair of Beasts)
 10000 | Lair:2   | Received a gift from Okawaru
 10001 | Lair:2   | Reached skill level 11 in Maces & Flails
 10161 | Lair:2   | Found a runed translucent door.
 10173 | Lair:2   | Noticed a vampire mage
 10600 | Lair:3   | Noticed a skyshark
 10611 | Lair:3   | Killed a skyshark
 10774 | Lair:3   | Noticed a seven-headed hydra
 10783 | Lair:3   | Killed a seven-headed hydra
 10784 | Lair:3   | Gained mutation: Your touch may irresistibly damage your
                  | foes and sap their willpower. [demonic ancestry]
 10784 | Lair:3   | Reached XP level 12. HP: 57/100 MP: 12/12
 10911 | Lair:3   | Found a staircase to the Swamp.
 11347 | Lair:3   | Noticed Gastronok
 11364 | Lair:3   | Killed Gastronok
 11540 | Lair:3   | Reached skill level 10 in Armour
 11622 | Lair:3   | Noticed a five-headed hydra
 11635 | Lair:3   | Killed a five-headed hydra
 11636 | Lair:3   | Reached skill level 12 in Maces & Flails
 11758 | Lair:3   | Reached ****** piety under Okawaru
 12163 | Lair:4   | Noticed an eight-headed hydra
 12171 | Lair:4   | Killed an eight-headed hydra
 12316 | Lair:4   | Noticed a seven-headed hydra
 12320 | Lair:4   | Reached skill level 13 in Maces & Flails
 12332 | Lair:4   | Killed a seven-headed hydra
 12332 | Lair:4   | Received a gift from Okawaru
 12399 | Lair:4   | Identified the +1 scale mail of the Frog {rCorr Slay-2
                  | Stlth+}
 13139 | Lair:5   | Entered Level 5 of the Lair of Beasts
 13141 | Lair:5   | Found a runed translucent door.
 13171 | Lair:5   | Found a viscous altar of Jiyva.
 13173 | Lair:5   | Found a staircase to the Slime Pits.
 13196 | Lair:5   | Noticed a seven-headed hydra
 13201 | Lair:5   | Killed a seven-headed hydra
 13202 | Lair:5   | Reached XP level 13. HP: 98/108 MP: 13/13
 13272 | Lair:5   | Reached skill level 14 in Maces & Flails
 13629 | Lair:5   | Identified the +9 plate armour "Wyh Odon" {rN+} (Okawaru
                  | gifted it to you on level 5 of the Lair of Beasts)
 13629 | Lair:5   | Received a gift from Okawaru
 13877 | Lair:5   | Reached skill level 15 in Maces & Flails
 14076 | Lair:5   | Identified the amulet "Wuosin" {Spirit Harm rPois Str+3}
 14258 | Lair:5   | Reached skill level 16 in Maces & Flails
 14585 | Lair:5   | Identified the +2 buckler of the Swamp {rF+} (Okawaru
                  | gifted it to you on level 5 of the Lair of Beasts)
 14585 | Lair:5   | Received a gift from Okawaru
 14701 | Lair:5   | Gained mutation: You are mostly covered in sharp spines.
                  | [demonic ancestry]
 14701 | Lair:5   | Reached XP level 14. HP: 76/115 MP: 10/14
 15232 | Orc:1    | Entered Level 1 of the Orcish Mines
 15290 | Orc:1    | Reached skill level 17 in Maces & Flails
 15555 | Orc:2    | Entered Level 2 of the Orcish Mines
 15853 | Orc:2    | Found a staircase to the Elven Halls.
 16246 | Orc:2    | Found Kirules's Armour Emporium.
 16255 | Orc:2    | Paralysed by an orc sorcerer for 4 turns
 16570 | Orc:2    | Noticed Saint Roka
 16607 | Orc:2    | Killed Saint Roka
 16607 | Orc:2    | Received a gift from Okawaru
 16841 | Orc:2    | Found Ytsub's Antique Armour Shop.
 16848 | Orc:2    | Found Zufrew's Antique Weapon Boutique.
 16948 | Orc:2    | Found Lyaviges's General Store.
 16956 | Orc:2    | Bought a scroll of enchant armour for 97 gold pieces
 16956 | Orc:2    | Bought a potion of heal wounds for 65 gold pieces
 16956 | Orc:2    | Bought a scroll of teleportation for 39 gold pieces
 17282 | D:6      | Killed whodunnit's ghost
 17283 | D:6      | Reached skill level 18 in Maces & Flails
 17784 | D:10     | Entered Level 10 of the Dungeon
 18198 | D:11     | Identified the +0 demon blade of Ukhioch {elec, Contam
                  | rElec Str+3} (Okawaru gifted it to you on level 11 of the
                  | Dungeon)
 18198 | D:11     | Received a gift from Okawaru
 18375 | D:11     | Found a gate leading to a gauntlet.
 18389 | Gauntlet | Entered a Gauntlet
 18389 | Gauntlet | Found a transporter.
 18389 | Gauntlet | Found a transporter.
 18393 | Gauntlet | Found a transporter.
 18393 | Gauntlet | Found a transporter.
 18402 | Gauntlet | Found a transporter.
 18426 | Gauntlet | Found a transporter.
 18431 | Gauntlet | Found a transporter.
 18431 | Gauntlet | Found a transporter.
 18435 | Gauntlet | Found a transporter.
 18462 | Gauntlet | Found a transporter.
 18469 | Gauntlet | Found a transporter.
 18489 | Gauntlet | Found a transporter.
 18522 | Gauntlet | Found a transporter.
 18536 | Gauntlet | Found a transporter.
 18636 | Gauntlet | Found a transporter.
 18652 | Gauntlet | Found a transporter.
 18838 | Gauntlet | Identified the +6 hand axe of Tesm {vamp, rPois rN+ Dex-3}
 19081 | Gauntlet | Identified the ring "Ixush" {rN+ Int+4 Slay-6 SInv Stlth+}
 19751 | D:12     | Identified the +1 plate armour "Ifyem" {Dex+3} (Okawaru
                  | gifted it to you on level 12 of the Dungeon)
 19751 | D:12     | Received a gift from Okawaru
 19752 | D:12     | Reached skill level 19 in Maces & Flails
 21195 | D:13     | Reached XP level 15. HP: 120/120 MP: 15/15
 21325 | D:13     | Noticed Josephine
 21333 | D:13     | Killed Josephine
 21358 | D:13     | Found a gate to the Vaults.
 21780 | D:14     | Found the +11 Singing Sword {sonic wave}
 21885 | D:14     | Noticed Azrael
 21892 | D:14     | Reached skill level 20 in Maces & Flails
 21898 | D:14     | Killed Azrael
 23160 | Snake:1  | Entered Level 1 of the Snake Pit
 23209 | Snake:1  | Received a gift from Okawaru
 23506 | Snake:1  | Identified the +9 dagger of Fotysaics {flame, rF- Str+2
                  | Int+3}
 23588 | Snake:1  | Found a blossoming altar of Fedhas.
 23795 | Snake:2  | Found a flickering gateway to a bazaar.
 23800 | Bazaar   | Entered a bazaar
 23816 | Bazaar   | Found Reezaon's General Store.
 23817 | Bazaar   | Found Curch's Magic Scroll Shoppe.
 23862 | Bazaar   | Found Qeosaap's Antique Weapon Emporium.
 23862 | Bazaar   | Found Geffabb's Assorted Antiques.
 23910 | Bazaar   | Bought a scroll of blinking for 120 gold pieces
 23910 | Bazaar   | Bought a scroll of enchant armour for 120 gold pieces
 23910 | Bazaar   | Bought a scroll of identify for 32 gold pieces
 23910 | Bazaar   | Bought a scroll of enchant armour for 120 gold pieces
 23910 | Bazaar   | Bought a scroll of fear for 64 gold pieces
 23910 | Bazaar   | Bought a scroll of identify for 32 gold pieces
 23922 | Bazaar   | Bought a scroll of acquirement for 572 gold pieces
 23922 | Bazaar   | Bought a potion of curing for 33 gold pieces
 23935 | Snake:2  | Acquired the ring of Harmony {rF+ rN+ Will- rCorr Dex+6}
 24021 | Snake:2  | Got Mestiu's Papyrus of the Vapourous Congregation
 24436 | Snake:2  | Identified the +1 quarterstaff "Dunemp" {antimagic, rPois
                  | Str-2 Int+2} (Okawaru gifted it to you on level 2 of the
                  | Snake Pit)
 24436 | Snake:2  | Received a gift from Okawaru
 24579 | Snake:2  | Acquired a manual of Hexes
 24796 | Snake:2  | Noticed a nagaraja
 24809 | Snake:2  | Killed a nagaraja
 25441 | Snake:3  | Reached skill level 15 in Fighting
 25685 | Snake:3  | Found Ruastaet's Magic Scroll Shoppe.
 25685 | Snake:3  | Found Soshrets's Jewellery Emporium.
 25687 | Snake:3  | Found Soenuip's Magic Scroll Shoppe.
 25691 | Snake:3  | Found Bosarat's Book Emporium.
 25700 | Snake:3  | Bought the amulet "Lebb" {Acrobat Rampage rF+++ Int-3
                  | Dex+3} for 864 gold pieces
 26189 | Snake:3  | Gained mutation: You are completely covered in yellow
                  | scales. (AC +4, rCorr) [demonic ancestry]
 26189 | Snake:3  | Reached XP level 16. HP: 136/136 MP: 16/16
 26518 | Snake:4  | Entered Level 4 of the Snake Pit
 26595 | Snake:4  | Identified the +1 ring mail of the Sandy God {Str+2}
                  | (Okawaru gifted it to you on level 4 of the Snake Pit)
 26595 | Snake:4  | Received a gift from Okawaru
 26610 | Arena    | Entered the Arena
 26610 | Arena    | HP: 3/137 [black mamba (12)]
 26650 | Snake:4  | HP: 6/138 [naga sharpshooter/bolt (24)]
 26655 | Snake:4  | HP: 2/207 [poisoned by a guardian serpent (bolt of poison)]
 26940 | Snake:4  | HP: 6/138 [poisoned by a naga ritualist (toxic radiance)]
 27102 | Snake:4  | Noticed Agnes
 27111 | Snake:4  | Killed Agnes
 27871 | Snake:4  | Identified the +1 robe of the Five Bounties {rPois}
                  | (Okawaru gifted it to you on level 4 of the Snake Pit)
 27871 | Snake:4  | Received a gift from Okawaru
 28377 | Snake:4  | Got a serpentine rune of Zot
 28880 | Vaults:1 | Entered Level 1 of the Vaults
 29059 | Vaults:1 | Found a portal to a secret trove of treasure.
 29068 | Abyss:2  | Cast into level 2 of the Abyss (a wizard)
 29106 | Abyss:2  | Gained mutation: You occasionally shout uncontrollably at
                  | your foes. [a neqoxec]
 29109 | Abyss:2  | Gained mutation: You sometimes lose your temper in combat.
                  | [a neqoxec]
 29218 | Abyss:2  | Noticed a tentacled starspawn
 29224 | Abyss:2  | Killed a tentacled starspawn
 29279 | Abyss:2  | Noticed a tentacled starspawn
 29286 | Abyss:2  | Killed a tentacled starspawn
 29321 | Vaults:1 | Escaped the Abyss
 29331 | Vaults:1 | Reached XP level 17. HP: 147/147 MP: 17/17
 29346 | Vaults:1 | Found a magical portal.
 29351 | WizLab   | Entered The Roulette of Golubria
 29351 | WizLab   | Found a transporter.
 29360 | WizLab   | Found the +2 cloak of the Thief {*Fog Slay-2 SInv Stlth+}
 29360 | WizLab   | Found a corrupted altar of Lugonu.
 29400 | WizLab   | Found a transporter.
 29409 | WizLab   | Found a corrupted altar of Lugonu.
 29426 | WizLab   | Found a transporter.
 29457 | WizLab   | Found a transporter.
 29457 | WizLab   | Found a transporter.
 29529 | WizLab   | Found a transporter.
 29575 | WizLab   | Found a transporter.
 29617 | WizLab   | Found a transporter.
 29667 | WizLab   | Found a transporter.
 29802 | WizLab   | Found a transporter.
 29838 | WizLab   | Identified the +1 cloak of the Eternal Void {Rampage rF+}
 29897 | WizLab   | Identified the +1 cloak of Objectivity {rCorr Int+5}
 29902 | WizLab   | Found a transporter.
 29902 | WizLab   | Found a transporter.
 30007 | WizLab   | Got Lasado Xee's Tome of Places
 30039 | WizLab   | Found a transporter.
 30072 | WizLab   | Found a transporter.
 30072 | WizLab   | Found a transporter.
 30086 | WizLab   | Identified the +1 chain mail of the Great Game {Rampage
                  | Dex+4} (Okawaru gifted it to you in a wizard's laboratory)
 30086 | WizLab   | Received a gift from Okawaru
 30142 | WizLab   | Found a transporter.
 30216 | WizLab   | Found a transporter.
 30216 | WizLab   | Found a transporter.
 30234 | WizLab   | Got the Textbook on Relocation
 30326 | WizLab   | Found a transporter.
 30326 | WizLab   | Found a transporter.
 30925 | Vaults:1 | Killed from afar by an ironbound thunderhulk

Illustrated notes

Levels and vault maps discovered:
D:1:      dpeg_arrival_stonehenge_12_columns, layout_loops_ring,
          hangedman_decor_points, nicolae_wormholes
D:2:      mumra_celtic_spiral_tile, layout_basic,
          shapermc_ecumenical_altar_mp_ritualfount, serial_bayou_lake_a
D:3:      layout_basic, uniq_robin
D:4:      layout_cave_pools, gammafunk_temple_overflow_claw, temple_pool_b,
          uniq_crazy_yiuf_cottage, uniq_eustachio, uniq_menkaure
D:5:      layout_basic, jmf_multi_god_temple, uniq_sigmund
D:6:      layout_basic, gammafunk_ghost_split
D:7:      layout_basic
D:8:      layout_gridville
D:9:      layout_roguey, david_lair_shrubbed, hiddenorc1_lemuel
D:10:     layout_rooms
D:11:     layout_irregular_city, gauntlet_entry_generic, solitary_fountain,
          lemuel_flamethrower_1
D:12:     layout_basic, minmay_crystal_room, introduction_to_nature_2
D:13:     layout_rooms, lightli_vaults_fourway_checkpoint, serial_aquarium,
          aquarium_bridge_long_separate [aquarium_subvault_bridge,
          aquarium_subvault_window, aquarium_subvault_bridge,
          aquarium_subvault_bridge, aquarium_subvault_bridge,
          aquarium_subvault_wall], aquarium_bridge_straight
          [aquarium_subvault_bridge, aquarium_subvault_balcony,
          aquarium_subvault_bridge, aquarium_subvault_wall],
          aquarium_window_fake, aquarium_window_1, aquarium_window_3,
          aquarium_view_2a, aquarium_view_2c, aquarium_balcony_3a,
          uniq_josephine
D:14:     layout_layer_cave, uniq_azrael
Temple:   nicolae_temple_bog_church
Lair:1:   layout_long_grid, serial_bayou_shore_a, uniq_erica
Lair:2:   layout_long_grid, guppyfry_snake_entry_garden,
          pdpol_lair_cabin_in_the_woods, lemuel_fruit_tree
Lair:3:   layout_chaotic_city, minmay_swamp_entry_reptiles, lemuel_fruit_fields,
          grunt_megastairs_5, serial_bayou_shore_b, uniq_gastronok
Lair:4:   layout_regular_city
Lair:5:   minmay_lair_end_enchanted_forest, layout_layer_cave, slime_entry_2,
          grunt_forest_large_clearings, grunt_megastairs_1, serial_bayou_shore_b
Snake:1:  layout_rooms, basic_altar
Snake:2:  layout_layer_cave, serial_shops, bzr_entry_road, grunt_megastairs_3
Snake:3:  nicolae_snake_nest, layout_gridlike, drop_trap, minmay_shoptagon
Snake:4:  johnstein_snake_rune_scales, layout_layer_cave,
          nicolae_triple_integral, serial_bayou_shore_b, uniq_agnes
Orc:1:    layout_diamond_mine
Orc:2:    grunt_orc_community_town_hall, layout_diamond_mine,
          grunt_orc_community_big_house_1, grunt_orc_community_big_house_1,
          grunt_orc_community_house_1, grunt_orc_community_house_2,
          grunt_orc_community_house_2, grunt_orc_community_house_1,
          grunt_orc_community_house_3, grunt_orc_community_house_2
Vaults:1: mu_enter_wizlab_2, nicolae_vaults_circle_grid_b,
          nicolae_vaults_little_squares_5, v_misc_29, v_misc_16, v_misc_4,
          ontoclasm_vaults_ring_small, nicolae_vaults_three_branches,
          vaults_dpeg_diagonal, ontoclasm_vaults_loading_screen,
          nicolae_vaults_hallways_thing, nicolae_vaults_gold_heap,
          nicolae_vaults_border_crossing, vaults_room_semicircle,
          st_smaller_cells, vaults_room_stairs_pillars, v_pattern_4,
          ontoclasm_vaults_gateway, layout_vaults_maze_snakey, enter_trove_1

Skill      XL: |  1  2  3  4  5  6  7  8  9 10 11 12 13 14 15 16 17 |
---------------+----------------------------------------------------+-----
Throwing       | 2 |  2.0
Maces & Flails | 3 4 5 7 8 9 11 13 16 19 20 | 20.0
Dodging        | 3 4 5 |  5.0
Fighting       | 3 4 5 7 8 10 11 12 15 17 18 | 18.1
Armour         | 3 5 7 9 10 12 13 | 13.7
Evocations     | 1 2 |  2.0

Action                     |  1- 3 |  4- 6 |  7- 9 | 10-12 | 13-15 | 16-18 || total
---------------------------+-------+-------+-------+-------+-------+-------++-------
  Melee: Flail             |    87 |   104 |   184 |   458 |       |       ||   833
         Punch             |     1 |     3 |       |     9 |       |       ||    13
         Touch             |       |     4 |    31 |    89 |       |       ||   124
         Great mace        |       |       |       |    36 |   805 |   429 ||  1270
  Throw: Boomerang         |       |     4 |     8 |     3 |       |       ||    15
         Throwing net      |       |     1 |     7 |       |       |       ||     8
         Javelin           |       |     1 |     5 |     4 |       |       ||    10
         Dart              |       |       |     9 |     3 |       |       ||    12
 Invoke: Heroism           |       |       |     1 |     3 |    11 |     5 ||    20
         Finesse           |       |       |       |       |     3 |     1 ||     4
         Duel              |       |       |       |       |       |     1 ||     1
  Evoke: Wand              |       |       |     7 |     1 |     7 |       ||    15
    Use: Scroll            |       |       |    12 |     8 |    18 |    11 ||    49
         Potion            |       |       |       |     1 |    12 |     7 ||    20
 Armour: Leather armour    |     6 |       |       |       |       |       ||     6
         Chain mail        |    43 |    60 |    22 |       |       |       ||   125
         Ring mail         |       |       |    43 |   192 |    76 |       ||   311
         Skin              |       |       |       |    23 |       |       ||    23
         Plate armour      |       |       |       |       |   642 |       ||   642
         Ice dragon scales |       |       |       |       |     9 |   267 ||   276
  Dodge: Dodged            |    35 |    39 |    95 |   297 |   472 |   308 ||  1246
  Block: Other             |    14 |    15 |    28 |    71 |   178 |    53 ||   359

Table legend: (Time is in decaauts)
 A = Elapsed time spent in this place.
 B = Non-inter-level travel time spent in this place.
 C = Inter-level travel time spent in this place.
 D = Time resting spent in this place.
 E = Time spent auto-exploring this place.
 F = Levels seen in this place.
 G = Mean time per level.
                   A        B        C        D        E       F      G
               +--------+--------+--------+--------+--------+-----+--------+
         Total |  31620 |  29759 |   1861 |   2768 |  21234 |  32 |  988.1 |
       Dungeon |  12840 |  11859 |    981 |    644 |   9288 |  14 |  917.1 |
        Temple |    179 |    172 |      7 |      0 |    145 |   1 |  179.0 |
          Lair |   7836 |   7255 |    581 |    492 |   5464 |   5 | 1567.2 |
     Snake Pit |   5658 |   5419 |    239 |    891 |   3712 |   4 | 1414.5 |
  Orcish Mines |   1990 |   1939 |     51 |    484 |   1070 |   2 |  995.0 |
        Vaults |    800 |    800 |      0 |     25 |    545 |   1 |  800.0 |
         Abyss |    260 |    260 |      0 |     22 |     94 |   1 |  260.0 |
        Bazaar |    133 |    133 |      0 |      0 |     80 |   1 |  133.0 |
        Wizlab |   1142 |   1142 |      0 |    187 |    358 |   1 | 1142.0 |
      Gauntlet |    754 |    754 |      0 |      0 |    474 |   1 |  754.0 |
         Arena |     23 |     23 |      0 |     21 |      0 |   1 |   23.0 |
               +--------+--------+--------+--------+--------+-----+--------+

Top non-repeatable levels by time:
 Snake:4: 2136 daAuts
  Lair:5: 2134 daAuts
  Lair:2: 1709 daAuts
  Lair:3: 1651 daAuts
 Snake:2: 1594 daAuts
   Orc:2: 1484 daAuts
 Snake:3: 1309 daAuts
     D:2: 1290 daAuts
    D:14: 1234 daAuts
  Lair:1: 1222 daAuts
    D:12: 1196 daAuts
  WizLab: 1142 daAuts
  Lair:4: 1119 daAuts
     D:9: 1071 daAuts
    D:13: 1012 daAuts
